 Dungeon Crawl Stone Soup version 0.26-b1-32-g5d43845318 (webtiles) character file.

Game seed: 12400494245920285953

10635 Borgoz the Basher (level 11, -1/69 HPs)
             Began as a Gargoyle Berserker on Jan 11, 2021.
             Was the Champion of Trog.
             Killed from afar by a manticore (25 damage)
             ... with a volley of spikes
             ... on level 12 of the Dungeon.
             The game lasted 00:19:16 (12935 turns).

Borgoz the Basher (Gargoyle Berserker)             Turns: 12935, Time: 00:19:16

Health: -1/69      AC: 23    Str: 26    XL:     11   Next: 65%
Magic:  11/11      EV: 14    Int:  6    God:    Trog [******]
Gold:   323        SH:  0    Dex: 22    Spells: 10/10 levels left

rFire    + . .     SeeInvis .   q - +4 flail (holy)
rCold    + . .     Faith    +   (no shield)
rNeg     + . .     Spirit   .   z - +0 scale mail of Kikubaaqudgha's Pride {rC+ Str+5 Int-2}
rPois    ∞         Reflect  .   y - +2 helmet
rElec    +         Harm     .   d - +0 cloak
rCorr    .         Rampage  .   s - +1 pair of gloves
Will     ++...                  (no boots)
Stlth    ..........             u - amulet of faith
HPRegen  1.21/turn              C - +6 ring of dexterity
MPRegen  0.12/turn              E - ring "Woluotiobb" {rF+ EV-4 Dex+4 Slay+2} (curse)

@: barbed spikes, regenerating
A: negative energy resistance 1, electricity resistance, unbreathing,
petrification resistance, miasma immunity, AC +8
a: Renounce Religion, Berserk, Trog's Hand, Brothers in Arms


You were on level 12 of the Dungeon.
You worshipped Trog.
Trog was exalted by your worship.
You visited 2 branches of the dungeon, and saw 13 of its levels.
You also visited: Sewer.

You collected 650 gold pieces.
You spent 327 gold pieces at shops.

Inventory:

Hand Weapons
 q - a +4 flail of holy wrath (weapon)
 H - a +1 vorpal dire flail
Missiles
 F - 3 throwing nets (quivered)
Armour
 d - a +0 cloak (worn)
 s - a +1 pair of gloves (worn)
 y - a +2 helmet (worn)
 z - the +0 scale mail of Kikubaaqudgha's Pride (worn) {rC+ Str+5 Int-2}
   (You took it off a wight on level 9 of the Dungeon)

   It affects your strength (+5).
   It affects your intelligence (-2).
   It protects you from cold.
 I - a +0 chain mail of fire resistance
Jewellery
 k - an uncursed ring of ice
 u - an amulet of faith (around neck)
 B - an uncursed ring of fire
 C - a +6 ring of dexterity (left hand)
 E - the cursed ring "Woluotiobb" (right hand) {rF+ EV-4 Dex+4 Slay+2}
   (You bought it in a shop on level 5 of the Dungeon)

   [ring of evasion]

   It affects your evasion (-4).
   It affects your dexterity (+4).
   It affects your accuracy and damage with ranged weapons and melee attacks
   (+2).
   It protects you from fire.
   It has a curse placed upon it.
Wands
 w - a wand of digging (3)
 A - a wand of flame (9)
 D - a wand of disintegration (16)
Scrolls
 b - 2 scrolls of enchant weapon
 f - 4 scrolls of fog
 g - 5 scrolls of blinking
 h - 6 scrolls of magic mapping
 l - 12 scrolls of remove curse
 n - a scroll of fear
 r - 7 scrolls of teleportation
 t - a scroll of holy word
 v - 2 scrolls of enchant armour
 G - a scroll of brand weapon {unknown}
Potions
 a - 7 potions of heal wounds
 c - a potion of mutation {unknown}
 e - 2 potions of might
 i - 3 potions of resistance
 j - 7 potions of curing
 m - a potion of ambrosia
 o - a potion of flight
 p - a potion of cancellation
 x - a potion of haste {unknown}


   Skills:
 + Level 8.7 Fighting
 * Level 10.9 Maces & Flails
 + Level 8.4 Armour
 * Level 9.0 Dodging


You had 10 spell levels left.
You didn't know any spells.
Your spell library was empty.

Dungeon Overview and Level Annotations

Branches:
Dungeon (12/15)            Temple (1/1) D:5            Lair (0/6) D:9
  Sewer (visited)
    Orc: D:9-12

Altars:
Ashenzari
Cheibriados
Dithmenos
Elyvilon
Fedhas
Gozag
Hepliaklqana
Kikubaaqudgha
Makhleb
Nemelex Xobeh
Okawaru
Qazlal
Ru
Sif Muna
Trog
Uskayaw
Vehumet
Wu Jian
Xom
Yredelemnul
Zin
The Shining One

Shops:
D:5 =   D:11 *

Annotations:
D:8 2 transporters
D:12 Rupert


Innate Abilities, Weirdness & Mutations

You are resistant to torment.
Your stone body is resilient. (AC +8)
You are immune to poison.
You resist negative energy. (rN+)
You are resistant to electric shocks. (rElec)
You can survive without breathing.
You are immune to petrification.
You are immune to miasma.


Message History

The manticore flicks its tail.
The volley of spikes misses you.
The manticore flicks its tail.
The volley of spikes hits you but does no damage.
Okay, then.
Your skin crawls.
You feel strong-willed.
There are monsters nearby!
The manticore flicks its tail.
The volley of spikes hits you.
The barbed spikes become lodged in your body.
* * * LOW HITPOINT WARNING * * *
The manticore flicks its tail.
The volley of spikes hits you but does no damage.
The manticore flicks its tail.
The volley of spikes hits you but does no damage.
The manticore flicks its tail.
The volley of spikes hits you!!
The barbed spikes become lodged in your body.
You die...

#.....#####
###.###### #.# #..
#.# #.# #.###.#
..######>....#
.........###.#
#.##########.#####.#
.......).)@)H......
≈≈≈≈≈≈≈≈≈≈≈≈≈≈≈≈≈≈≈
≈≈≈≈≈≈≈≈≈≈≈≈≈≈≈≈≈≈8
################'.≈
.≈ ≈


You could see a manticore.

Vanquished Creatures
  Harold (D:11)
  A two-headed ogre (D:10)
  An unseen horror (D:10)
  An ugly thing (D:11)
  A cyclops (D:10)
  A gargoyle (D:10)
  A kobold demonologist (D:12)
  A komodo dragon (D:9)
  2 hornets
  9 yaks (D:9)
  2 vampire mosquitoes (D:12)
  Edmund (D:4)
  A water moccasin (D:11)
  3 sky beasts
  2 orc warriors
  4 ice beasts
  An eye of draining (D:9)
  9 ogres
  A centaur (D:7)
  2 phantoms
  7 big kobolds
  3 bullfrogs
  2 wyvern skeletons
  5 scorpions
  5 killer bees (D:10)
  A howler monkey (D:4)
  4 wights (D:9)
  2 electric eels (D:12)
  3 bullfrog zombies (D:10)
  3 hounds
  3 jellies
  5 orc priests
  Crazy Yiuf (D:3)
  A centaur skeleton (D:8)
  7 orc wizards
  2 bullfrog skeletons
  Jessica (D:3)
  4 iguanas
  Natasha (thrice) (D:4)
  7 worker ants
  Ijyb (D:5)
  A hound zombie (D:5)
  A howler monkey zombie (D:2)
  A worker ant zombie (D:6)
  6 gnolls
  23 adders
  6 river rats (Sewer)
  A shadow imp (D:6)
  A white imp (D:10)
  An ufetubus (D:10)
  An adder skeleton (D:7)
  4 worms
  2 dart slugs
  3 leopard geckos
  34 orcs
  7 ball pythons
  10 bats (D:1)
  8 giant cockroaches
  10 hobgoblins
  12 jackals
  7 quokkas
  6 frilled lizards
  5 goblins
  37 kobolds
  A quokka skeleton (D:4)
  A quokka zombie (D:6)
  30 rats
334 creatures vanquished.

Vanquished Creatures (others)
  47 plants
47 creatures vanquished.

Grand Total: 381 creatures vanquished

Notes
Turn   | Place    | Note
-------+----------+-------------------------------------------
     0 | D:1      | Borgoz the Gargoyle Berserker began the quest for the Orb.
     0 | D:1      | Reached XP level 1. HP: 14/14 MP: 1/1
   194 | D:1      | Reached XP level 2. HP: 10/19 MP: 2/2
   597 | D:1      | Reached XP level 3. HP: 21/23 MP: 3/3
  1052 | D:1      | Reached ** piety under Trog
  1425 | D:2      | Reached XP level 4. HP: 29/29 MP: 4/4
  2233 | D:2      | Reached XP level 5. HP: 32/33 MP: 5/5
  2343 | D:2      | Found a shimmering blue altar of Sif Muna.
  2353 | D:2      | Reached skill level 4 in Maces & Flails
  2562 | D:3      | Noticed Jessica
  2567 | D:3      | Killed Jessica
  2815 | D:3      | Reached XP level 6. HP: 13/38 MP: 6/6
  3303 | D:3      | Reached *** piety under Trog
  3329 | D:3      | Found an ancient bone altar of Kikubaaqudgha.
  3329 | D:3      | Found a hazy altar of Hepliaklqana.
  3374 | D:3      | Found a runed translucent door.
  3537 | D:3      | Noticed Crazy Yiuf
  3543 | D:3      | Killed Crazy Yiuf
  3891 | D:4      | Noticed Natasha
  3903 | D:4      | Killed Natasha
  4005 | D:4      | Noticed a sky beast
  4013 | D:4      | Noticed Natasha
  4017 | D:4      | Killed a sky beast
  4018 | D:4      | Reached skill level 5 in Maces & Flails
  4018 | D:4      | Reached XP level 7. HP: 44/44 MP: 7/7
  4020 | D:4      | Killed Natasha
  4037 | D:4      | Noticed Natasha
  4056 | D:4      | Killed Natasha
  4396 | D:4      | Found a burning altar of Makhleb.
  4525 | D:4      | Noticed Edmund
  4535 | D:4      | Killed Edmund
  4903 | D:5      | Entered Level 5 of the Dungeon
  4903 | D:5      | Found Vasiujeh's Jewellery Emporium.
  4903 | D:5      | Found a staircase to the Ecumenical Temple.
  4911 | D:5      | Reached XP level 8. HP: 48/48 MP: 8/8
  4967 | D:5      | Reached skill level 5 in Fighting
  5015 | D:5      | Found a glowing drain.
  5032 | Sewer    | Entered a sewer
  5220 | Sewer    | Reached skill level 6 in Maces & Flails
  5270 | Sewer    | Reached **** piety under Trog
  5567 | Sewer    | Reached skill level 5 in Dodging
  5848 | Temple   | Entered the Ecumenical Temple
  6219 | D:5      | Noticed Ijyb
  6226 | D:5      | Killed Ijyb
  6614 | D:6      | Reached skill level 5 in Armour
  6986 | D:6      | Reached ***** piety under Trog
  6987 | D:6      | Reached skill level 7 in Maces & Flails
  7062 | D:6      | Found a basalt altar of Yredelemnul.
  7180 | D:6      | Reached XP level 9. HP: 53/55 MP: 9/9
  7653 | D:7      | Found a sacrificial altar of Ru.
  7715 | D:7      | Noticed a hornet
  7720 | D:7      | Killed a hornet
  7929 | D:7      | Found a sparkling altar of Nemelex Xobeh.
  8402 | D:8      | Noticed a hornet
  8413 | D:8      | Killed a hornet
  8583 | D:8      | Reached skill level 8 in Maces & Flails
  8595 | D:8      | Noticed a death knight
  8596 | D:8      | Found a broken altar of Ashenzari.
  8641 | D:8      | Found a transporter.
  8798 | D:8      | Found a snail-covered altar of Cheibriados.
  9187 | D:8      | Found a transporter.
  9424 | D:5      | Bought the cursed ring "Woluotiobb" {rF+ EV-4 Dex+4 Slay+2}
                  | for 327 gold pieces
  9572 | D:9      | Identified the +0 scale mail of Kikubaaqudgha's Pride {rC+
                  | Str+5 Int-2}
  9602 | D:9      | Reached XP level 10. HP: 37/61 MP: 10/10
  9624 | D:9      | Reached skill level 9 in Maces & Flails
 10586 | D:9      | Found a staircase to the Lair.
 10757 | D:10     | Entered Level 10 of the Dungeon
 10775 | D:10     | Noticed a gargoyle
 10781 | D:10     | Killed a gargoyle
 10975 | D:10     | Reached ****** piety under Trog
 11194 | D:10     | Killed an unseen horror
 11195 | D:10     | Reached skill level 10 in Maces & Flails
 11195 | D:10     | Reached XP level 11. HP: 59/68 MP: 11/11
 11325 | D:10     | Noticed a cyclops
 11338 | D:10     | Killed a cyclops
 11484 | D:10     | Noticed a two-headed ogre
 11491 | D:10     | Killed a two-headed ogre
 11931 | D:11     | Noticed Harold
 11958 | D:11     | Killed Harold
 12256 | D:11     | Noticed a white ugly thing
 12263 | D:11     | Killed a white ugly thing
 12353 | D:11     | Found Ecee's Elemental Accessories.
 12886 | D:12     | Received a gift from Trog
 12887 | D:12     | Noticed Rupert
 12922 | D:12     | Noticed a manticore
 12935 | D:12     | Killed from afar by a manticore

Illustrated notes

Levels and vault maps discovered:
D:1:      dpeg_arrival_round_b, layout_rooms, minmay_pentomino_t4
D:2:      wad_woods_tower, layout_loops_ring, nicolae_overflow_hidden_temple,
          serial_park_tiny_2, hangedman_feature_mirror
D:3:      layout_loops_ring, gammafunk_temple_overflow_wave,
          kennysheep_generic_room_7, uniq_crazy_yiuf_cottage, uniq_jessica
D:4:      layout_basic, lemuel_coloured_pillars_altar, uniq_edmund, uniq_natasha
D:5:      layout_basic, temple_statues, serial_shops, nicolae_shop_crystal,
          gup_sewer_entry_bubbles, due_unseen_surprise, uniq_ijyb
D:6:      layout_cave_pods, general_overflow_altar, due_unseen_surprise
D:7:      layout_loops_cross, overflow_temple_1_default, basic_altar
D:8:      layout_gridville, gammafunk_temple_overflow_arena,
          kennysheep_mini_moat
D:9:      layout_basic, david_lair_shrubbed, blue_anna_alchemist
          [blue_anna_fruit_fields, blue_anna_fruit_fields]
D:10:     layout_roguey
D:11:     layout_basic, grunt_decor_one_mirror, nicolae_elemental_shop,
          patterned_corridor, uniq_harold
D:12:     layout_loops_ring, erik_orc_2, grunt_dithmenos_smoke, uniq_frances,
          uniq_kirke, uniq_rupert
Temple:   eino_temple_water

Skill      XL: |  1  2  3  4  5  6  7  8  9 10 11 |
---------------+----------------------------------+-----
Dodging        | 2 3 4 5 6 8 9 |  9.0
Armour         | 3 4 5 6 7 8 |  8.4
Maces & Flails | 4 5 7 8 10 | 10.9
Fighting       | 4 5 6 8 |  8.7

Action                   |  1- 3 |  4- 6 |  7- 9 | 10-12 || total
-------------------------+-------+-------+-------+-------++-------
Melee: Mace              |   138 |   161 |       |       ||   299
       Flail             |       |    94 |   491 |   317 ||   902
Invok: Berserk           |     2 |     6 |    10 |     3 ||    21
       Trog's Hand       |       |     1 |     1 |     2 ||     4
Evoke: Wand              |       |       |     2 |       ||     2
  Use: Scroll            |     6 |     3 |    16 |     1 ||    26
       Potion            |       |       |       |     1 ||     1
Armor: Animal skin       |    81 |    50 |       |       ||   131
       Ring mail         |       |    65 |   160 |       ||   225
       Scale mail        |       |       |   122 |   198 ||   320
Dodge: Dodged            |   127 |   181 |   410 |   258 ||   976
